 Dungeon Crawl Stone Soup version 0.22-a0-812-g4c1e2d5471 (webtiles) character file.

49039 Htamos the Nimble (level 14, -1/95 HPs)
             Began as a Gargoyle Monk on July 23, 2018.
             Was a High Priest of Ashenzari.
             Killed from afar by Roxanne (15 damage)
             ... with an orb of energy
             ... on level 14 of the Dungeon.
             The game lasted 00:51:04 (24707 turns).

Htamos the Nimble (Gargoyle Monk)                  Turns: 24707, Time: 00:51:05

Health: -1/95      AC: 22    Str: 16    XL:     14   Next: 49%
Magic:  14/14      EV: 22    Int: 11    God:    Ashenzari [*****.]
Gold:   373        SH:  4    Dex: 22    Spells: 13/13 levels left

rFire    . . .     SeeInvis +   r - +10 mace of the Beginning {crush, +Rage rC+ rN++} (curse)
rCold    + + .     Gourm    .   i - +0 buckler
rNeg     + + +     Faith    .   f - +1 scale mail of Juoss {Dex+6} (curse)
rPois    ∞         Spirit   .   V - +0 helmet (curse)
rElec    +         Reflect  .   H - +2 cloak {MR+} (curse)
rCorr    .         Harm     .   (no gloves)
MR       ++++.     Clarity  +   U - +0 pair of boots (curse)
Stlth    +.........             C - amulet of rage
HPRegen  0.25/turn              A - ring "Jioherriha" {rC+ MR++ Str-5} (curse)
MPRegen  0.14/turn              b - +5 ring of slaying (curse)

@: mighty
A: big wings, negative energy resistance 1, electricity resistance, unbreathing,
petrification resistance, rot immunity, AC +10
a: Fly, Curse Item, Scrying, Transfer Knowledge, Renounce Religion, Evoke
Berserk Rage


You were on level 14 of the Dungeon.
You worshipped Ashenzari.
Ashenzari was extremely pleased with you.
You were not hungry.

You visited 3 branches of the dungeon, and saw 17 of its levels.
You also visited: Ossuary.

You collected 1720 gold pieces.
You spent 1347 gold pieces at shops.

Inventory:

Hand Weapons
 a - a +1 mace
 o - a +0 long sword
 r - the cursed +10 mace of the Beginning (weapon) {crush, +Rage rC+ rN++}
   (You found it on level 6 of the Dungeon)

   It inflicts extra damage upon your enemies.
   It protects you from cold.
   It greatly protects you from negative energy.
   It lets you go berserk.
   It has a curse placed upon it.
 v - a +0 hand axe of flaming
 G - a +0 trident of venom
 J - a +0 flail
 N - a +1 hand axe of flaming
 T - a +4 flail of protection
Armour
 f - the cursed +1 scale mail of Juoss (worn) {Dex+6}
   (You acquired it on level 11 of the Dungeon)

   It affects your dexterity (+6).
   It has a curse placed upon it.
 i - a +0 buckler (worn)
 k - a +0 troll leather armour
 y - a +0 scale mail
 E - a +2 scale mail of fire resistance
 H - a cursed +2 cloak of magic resistance (worn)
 L - the cursed +0 ring mail of Ovocsoch {MR+ Str-2 Dex+3}
   (You found it on level 12 of the Dungeon)

   It affects your strength (-2).
   It affects your dexterity (+3).
   It affects your resistance to hostile enchantments.
   It has a curse placed upon it.
 U - a cursed +0 pair of boots (worn)
 V - a cursed +0 helmet (worn)
Jewellery
 b - a cursed +5 ring of slaying (right hand)
 A - the cursed ring "Jioherriha" (left hand) {rC+ MR++ Str-5}
   (You found it on level 4 of the Dungeon)

   [ring of protection from cold]

   It affects your strength (-5).
   It protects you from cold.
   It affects your resistance to hostile enchantments.
   It has a curse placed upon it.
 C - an amulet of rage (around neck)
 I - an uncursed ring of ice
 P - an uncursed ring of resist corrosion
 X - a +5 ring of protection
Wands
 n - a wand of digging (9)
 D - a wand of flame (38)
 O - a wand of enslavement (10)
 R - a wand of polymorph (15)
Scrolls
 d - 5 scrolls of fog
 g - 5 scrolls of enchant weapon
 l - a scroll of torment {unknown}
 m - 4 scrolls of amnesia
 p - 3 scrolls of enchant armour
 w - 5 scrolls of remove curse
 x - 7 scrolls of teleportation
 F - 4 scrolls of fear
 Q - 2 scrolls of identify
Potions
 e - 4 potions of mutation
 h - 2 potions of brilliance
 j - 8 potions of curing
 q - 3 potions of degeneration
 t - 3 potions of resistance
 u - 6 potions of agility {unknown}
 z - 5 potions of heal wounds {unknown}
 B - 2 potions of lignification
 K - a potion of might
 M - 2 potions of haste
 Y - 2 potions of cancellation {unknown}
 Z - a potion of flight {unknown}
Comestibles
 c - 30 rations


   Skills:
 + Level 13.7 Fighting
 + Level 12.7(16.3) Maces & Flails
 * Level 14.5(16.8) Dodging
 - Level 2.1 Stealth


You had 13 spell levels left.
You didn't know any spells.
Your spell library contained the following spells:

 Spells                   Type           Power        Failure   Level  Hunger
 Confuse                  Hex            #.......     99%         3    ####...
 Tukima's Dance           Hex            #.......     99%         3    ####...
 Corpse Rot               Necr           N/A          96%         2    ###....
 Stone Arrow              Conj/Erth      #.....       99%         3    ####...
 Ensorcelled Hibernation  Hex/Ice        #.....       96%         2    ###....
 Corona                   Hex            #......      89%         1    ##.....
 Leda's Liquefaction      Hex/Erth       #.........   100%        4    #####..
 Summon Hydra             Summ           #.........   100%        7    #######
 Dazzling Spray           Conj/Hex       #.....       99%         3    ####...
 Summon Forest            Summ/Tloc      #.........   100%        5    ######.
 Hydra Form               Tmut           #.........   100%        6    #######


Dungeon Overview and Level Annotations

Branches:
Dungeon (14/15)            Temple (1/1) D:4            Lair (0/6) D:8
    Orc (2/2) D:11            Elf (0/3) Orc:2        Vaults (0/5) D:14

Altars:
Ashenzari
Elyvilon
Nemelex Xobeh
Qazlal
Ru
Trog
Uskayaw
Vehumet
Wu Jian
Xom
Yredelemnul
Beogh

Shops:
D:4 *   D:13 (   Orc:1 *   Orc:2 =!*=

Annotations:
D:14 exclusion: Roxanne, Roxanne


Innate Abilities, Weirdness & Mutations

You are resistant to torment.
Your stone body is resilient. (AC +10)
You are immune to poison.
Your large and strong wings let you fly indefinitely.
You resist negative energy. (rN+)
You are resistant to electric shocks. (rElec)
You can survive without breathing.
You are immune to petrification.
You are immune to rotting.


Message History

You blink.
Roxanne casts a spell.
The crystal spear hits you!
Ouch! That really hurt!
* * * LOW HITPOINT WARNING * * *
You sock Roxanne!
Roxanne is severely damaged.
You hit Roxanne but do no damage.
Roxanne is severely damaged.
You feel very mighty all of a sudden.
You thump Roxanne!
Roxanne is almost destroyed.
Roxanne mumbles some strange words.
The bolt of magma misses you.
You hit Roxanne but do no damage.
Roxanne is almost destroyed.
Roxanne is no longer covered in acid.
Roxanne casts a spell.
The orb of energy hits you!
You die...

* , #....(....## #^.. *,
#.####....# ####... ,*, *
#. #....###..)... * #.*
#(##.##..###.. , ,, #.*
#.##....## #.. *
#.####.##.#######.# , , *
##..........#....... *
#..8.##.##.......... , *
#..@.#..###.........
#.....(#.....##)........
**..........$...#.........
**
*,..................(... ,
, .......,....... #.......
* *, , .....!.*#..!....


You could see Roxanne.

Vanquished Creatures
  2 orc warlords (Orc:2)
  2 hydras
  A vault guard (D:14)
  A death knight (D:14)
  A centaur warrior (D:14)
  4 two-headed ogres
  5 orc high priests
  Urug (D:12)
  An unseen horror (D:13)
  A glowing orange brain (Orc:2)
  3 orc knights (Orc:2)
  9 orc sorcerers
  A cyclops (D:14)
  7 ugly things
  A manticore (D:14)
  Maurice (D:10)
  Joseph (D:7)
  2 freezing wraiths (D:13)
  A polar bear (shapeshifter) (D:13)
  7 trolls
  A harpy skeleton (D:14)
  2 dream sheep (D:8)
  A centaur simulacrum (D:14)
  3 hippogriffs
  3 wyverns
  A shadow (D:14)
  44 yaks
  A hungry ghost (D:14)
  A basilisk (D:14)
  3 wraiths
  3 vampire mosquitoes (D:12)
  Menkaure (D:7)
  3 wargs (Orc:2)
  2 hell hounds (D:8)
  An acid dragon (D:12)
  5 water moccasins
  Duvessa (D:5)
  39 orc warriors
  4 sky beasts
  3 ice beasts
  4 phantoms
  13 ogres
  2 black bears
  A necrophage (D:9)
  An eye of draining (D:12)
  11 centaurs
  5 big kobolds
  2 elf zombies (Ossuary)
  12 bullfrogs
  Dowan (D:5)
  5 scorpions
  5 wights (D:9)
  6 howler monkeys
  2 crimson imps (D:6)
  2 bullfrog zombies
  2 quasits (D:10)
  2 human zombies (Ossuary)
  8 centaur zombies
  5 jellies
  Crazy Yiuf (D:6)
  6 centaur skeletons
  8 hounds
  37 orc priests
  3 bullfrog skeletons
  34 orc wizards
  Ijyb (D:4)
  2 iguanas
  6 worker ants
  An ogre zombie (D:7)
  A big kobold zombie (Ossuary)
  3 mummies
  3 gnolls (D:11)
  A gnoll zombie (D:7)
  15 adders
  4 shadow imps
  3 oozes
  An adder zombie (D:8)
  2 adder skeletons
  5 worms
  2 dart slugs (D:2)
  7 leopard geckos
  131 orcs
  12 bats
  5 giant cockroaches
  18 goblins
  8 hobgoblins
  25 jackals
  13 kobolds
  4 quokkas
  A ball python (D:3)
  2 frilled lizards
  10 hobgoblin zombies (Ossuary)
  A jackal skeleton (D:4)
  2 jackal zombies (Ossuary)
  8 kobold zombies
  9 orc zombies (Ossuary)
  2 quokka skeletons
  A quokka zombie (D:5)
  14 rats
  2 rat zombies (Ossuary)
  A spectral orc (D:8)
  A butterfly (D:4)
679 creatures vanquished.

Vanquished Creatures (collateral kills)
  A two-headed ogre (D:14)
  An orc wizard (D:11)
  3 orcs (D:11)
5 creatures vanquished.

Grand Total: 684 creatures vanquished

Notes
Turn   | Place    | Note
-------+----------+-------------------------------------------
     0 | D:1      | Htamos the Gargoyle Monk began the quest for the Orb.
     0 | D:1      | Reached XP level 1. HP: 14/14 MP: 1/1
   108 | D:1      | Reached XP level 2. HP: 19/19 MP: 2/2
   586 | D:1      | You fall through a shaft!
   603 | D:2      | Reached skill level 3 in Dodging
   603 | D:2      | Reached XP level 3. HP: 16/23 MP: 3/3
  1164 | D:2      | Reached XP level 4. HP: 29/29 MP: 4/4
  1332 | D:2      | Found an ornate altar of the Wu Jian Council.
  1680 | D:3      | You fall through a shaft for 2 floors!
  1680 | D:5      | Entered Level 5 of the Dungeon
  1714 | D:5      | Reached XP level 5. HP: 30/33 MP: 5/5
  1787 | D:4      | Reached skill level 4 in Dodging
  1824 | D:4      | Reached XP level 6. HP: 33/39 MP: 6/6
  1836 | D:4      | Found a sparkling altar of Nemelex Xobeh.
  2947 | D:4      | Got a smoking silver ring
  2962 | D:4      | Noticed a phantom
  2997 | D:4      | Reached skill level 5 in Fighting
  3018 | D:4      | Killed a phantom
  3018 | D:4      | Reached skill level 5 in Dodging
  3018 | D:4      | Reached XP level 7. HP: 21/44 MP: 7/7
  3489 | D:4      | Found a staircase to the Ecumenical Temple.
  3519 | Temple   | Entered the Ecumenical Temple
  3533 | Temple   | Became a worshipper of Ashenzari the Shackled
  3533 | Temple   | Reached * piety under Ashenzari
  3533 | Temple   | Identified the ring "Jioherriha" {rC+ MR++ Str-5} (You found it on level 4 of the Dungeon)
  3533 | Temple   | Reached ** piety under Ashenzari
  3558 | D:4      | Found Ocemiwumm's General Store.
  3567 | D:4      | Bought a scroll of enchant armour for 97 gold pieces
  3703 | D:4      | Noticed Ijyb
  3731 | D:4      | Killed Ijyb
  4090 | D:5      | Reached skill level 5 in Maces & Flails
  4410 | D:5      | Noticed Dowan
  4411 | D:5      | Noticed Duvessa
  4429 | D:5      | Killed Duvessa
  4445 | D:5      | Killed Dowan
  4579 | D:5      | Reached XP level 8. HP: 51/51 MP: 8/8
  4724 | D:5      | Reached skill level 6 in Dodging
  4816 | D:5      | Found a hide-covered altar of Uskayaw.
  6219 | D:6      | Got the mace of the Beginning {crush, +Rage rC+ rN++}
  6220 | D:6      | Identified the +10 mace of the Beginning {crush, +Rage rC+ rN++} (You found it on level 6 of the Dungeon)
  6231 | D:6      | Found a runed door.
  6235 | D:6      | Noticed Crazy Yiuf
  6242 | D:6      | Killed Crazy Yiuf
  6309 | D:6      | Found a sacrificial altar of Ru.
  6574 | D:6      | Reached skill level 7 in Dodging
  6574 | D:6      | Reached XP level 9. HP: 56/56 MP: 9/9
  6667 | D:7      | Noticed Menkaure
  6685 | D:7      | Killed Menkaure
  6813 | D:7      | Found a transporter.
  6850 | D:7      | Found a transporter.
  6850 | D:7      | Found a shimmering altar of Xom.
  7262 | D:7      | Found a shimmering altar of Xom.
  7267 | D:7      | Found a shimmering altar of Xom.
  7267 | D:7      | Noticed Joseph
  7268 | D:7      | Found a shimmering altar of Xom.
  7268 | D:7      | Found a shimmering altar of Xom.
  7269 | D:7      | Found a shimmering altar of Xom.
  7302 | D:7      | Reached skill level 8 in Dodging
  7909 | D:7      | Killed Joseph
  8319 | D:8      | Found a sand-covered staircase.
  8391 | Ossuary  | Entered an ossuary
  8620 | Ossuary  | Reached XP level 10. HP: 53/64 MP: 10/10
  9198 | D:8      | Reached skill level 9 in Dodging
  9718 | D:8      | Reached *** piety under Ashenzari
  9811 | D:8      | Noticed a two-headed hydra
  9836 | D:8      | Killed a one-headed hydra
 10128 | D:8      | Found a staircase to the Lair.
 10238 | D:8      | Found a basalt altar of Yredelemnul.
 10891 | D:8      | Noticed a moth of wrath
 10894 | D:8      | Found a bloodstained altar of Trog.
 10949 | D:8      | Noticed a two-headed ogre
 10957 | D:8      | Killed a two-headed ogre
 10957 | D:8      | Reached skill level 10 in Dodging
 11059 | D:9      | Reached XP level 11. HP: 71/71 MP: 11/11
 11099 | D:9      | Noticed a two-headed ogre
 11105 | D:9      | Killed a two-headed ogre
 11370 | D:9      | Reached skill level 10 in Fighting
 11646 | D:9      | Noticed a seven-headed hydra
 11662 | D:10     | Entered Level 10 of the Dungeon
 12113 | D:10     | Noticed Maurice
 12128 | D:10     | Killed Maurice
 12211 | D:10     | Reached skill level 11 in Dodging
 12510 | D:10     | Reached **** piety under Ashenzari
 12838 | D:9      | Killed a seven-headed hydra
 12838 | D:9      | Reached skill level 10 in Maces & Flails
 12942 | D:9      | Reached XP level 12. HP: 77/79 MP: 12/12
 14093 | D:11     | Noticed a two-headed ogre
 14146 | D:11     | Killed a two-headed ogre
 14414 | D:11     | Reached skill level 12 in Dodging
 15532 | D:11     | Found a staircase to the Orcish Mines.
 15562 | Orc:1    | Entered Level 1 of the Orcish Mines
 15569 | Orc:1    | Found Mygrip's Assorted Antiques.
 15644 | D:11     | Identified a scroll of acquirement
 15645 | D:11     | Got the cursed scale mail of Juoss {Dex+6}
 15656 | D:11     | Identified the cursed +1 scale mail of Juoss {Dex+6} (You acquired it on level 11 of the Dungeon)
 15921 | Orc:2    | Entered Level 2 of the Orcish Mines
 16069 | Orc:2    | Noticed a two-headed ogre
 16079 | Orc:2    | Killed a two-headed ogre
 16598 | Orc:2    | Found a roughly hewn altar of Beogh.
 17052 | Orc:2    | Reached XP level 13. HP: 50/86 MP: 13/13
 17467 | Orc:2    | Found a staircase to the Elven Halls.
 17968 | Orc:2    | Noticed an orc warlord
 17984 | Orc:2    | Killed an orc warlord
 17984 | Orc:2    | Reached skill level 13 in Dodging
 18129 | Orc:2    | Noticed an orc warlord
 18155 | Orc:2    | Killed an orc warlord
 18316 | Orc:2    | Found a roughly hewn altar of Beogh.
 18357 | Orc:2    | Found Nopeotee's Jewellery Emporium.
 19479 | Orc:2    | Found Qiojun's Jewellery Emporium.
 19540 | Orc:2    | Found Haeg's Assorted Antiques.
 19992 | Orc:2    | Found Opaulu's Distillery.
 20521 | Orc:1    | Found a roughly hewn altar of Beogh.
 20840 | Orc:2    | Bought a +5 ring of slaying for 1250 gold pieces
 21040 | D:12     | Noticed Urug
 21060 | D:12     | Killed Urug
 21432 | D:12     | Identified the cursed +0 ring mail of Ovocsoch {MR+ Str-2 Dex+3}
 21828 | D:12     | Gained mutation: Your large and strong wings let you fly indefinitely. [Gargoyle growth]
 21828 | D:12     | Reached XP level 14. HP: 73/94 MP: 14/14
 21927 | D:12     | Reached ***** piety under Ashenzari
 22253 | D:13     | Reached skill level 14 in Dodging
 22702 | D:13     | Found a bloodstained altar of Trog.
 22997 | D:13     | Found Raiger's Weapon Emporium.
 24062 | D:14     | Noticed Roxanne
 24118 | D:14     | Found a gate to the Vaults.
 24707 | D:14     | Killed from afar by Roxanne

Vault maps used:
D:1:      eino_arrival_cavern_a, minmay_misc_feat_roman
D:2:      old_standard_altar
D:4:      kennysheep_goblin_castle, nicolae_overflow_crystal_walls,
          minmay_temple_entry_butterflies, serial_shops, shop
D:5:      kennysheep_mini, first_ration, minmay_misc_feat_five, st_stairs_9,
          uniq_duvessa
D:6:      lemuel_crystal_altar, uniq_crazy_yiuf_cottage
D:7:      gammafunk_cloud_chamber, xom_redecorated, uniq_joseph, uniq_menkaure
D:8:      yredelemnul_forgotten_temple_becter, minmay_lair_entry_lava,
          nicolae_ossuary_entry_giza, hangedman_ranch, tgw_trog
D:9:      argonaut_augean_stables, serial_park_tiny_2
D:10:     uniq_maurice
D:11:     orc_0_dummy
D:12:     uniq_urug
D:13:     serial_shops, shop, basic_altar
D:14:     david_vaults_5, basic_altar, minmay_misc_feat_diagonals, uniq_roxanne
Temple:   nicolae_temple_elliptical
Orc:1:    serial_shops, shop, basic_altar
Orc:2:    pubby_orc_utopia, serial_shops
Ossuary:  ossuary_tomb_1

Skill      XL: |  1  2  3  4  5  6  7  8  9 10 11 12 13 14 |
---------------+-------------------------------------------+-----
Dodging        | 3 4 5 7 8 10 11 12 13 14 | 14.5
Fighting       | 4 5 6 8 9 10 12 13 | 13.7
Maces & Flails | 4 5 6 7 8 10 11 12 | 12.7
Stealth        | |  2.1

Action                   |  1- 3 |  4- 6 |  7- 9 | 10-12 | 13-15 || total
-------------------------+-------+-------+-------+-------+-------++-------
Melee: Mace              |   100 |   342 |   369 |   774 |   743 ||  2328
       Flail             |       |       |   246 |   320 |       ||   566
       Hand axe          |       |       |       |    24 |       ||    24
Invok: Curse Item        |       |       |     2 |     3 |     1 ||     6
 Abil: Evoke Berserk Rag |       |       |       |       |     8 ||     8
Evoke: Wand              |       |     1 |     6 |    14 |    13 ||    34
  Use: Scroll            |     1 |       |    10 |    11 |     3 ||    25
       Potion            |       |       |     2 |     2 |     4 ||     8
 Stab: Sleeping          |     2 |     3 |     2 |       |     2 ||     9
       Distracted        |       |       |       |       |     1 ||     1
  Eat: Chunk             |     1 |     6 |    17 |    23 |    24 ||    71
       Ration            |       |       |     1 |     2 |     2 ||     5
Armor: Robe              |    25 |       |       |       |       ||    25
       Ring mail         |    20 |   168 |   136 |       |       ||   324
       Scale mail        |       |       |   164 |   393 |   189 ||   746
       Skin              |       |       |    13 |       |       ||    13
Dodge: Dodged            |    67 |   272 |   416 |   610 |   452 ||  1817
Block: Buckler           |       |       |    54 |   160 |   116 ||   330

Table legend:
 A = Spawn XP
 B = Non-spawn XP
 C = Spawn XP percentage of total XP
 D = Spawn monster count
 E = Non-spawn monster count
 F = Spawn count percentage of total count
 G = Total turns spent on level
                    A         B        C        D         E        F      G
               +---------+---------+-------+---------+---------+-------+---------
         Total |       0 |   70056 |   0.0 |       0 |     683 |   0.0 | 24707
               +---------+---------+-------+---------+---------+-------+---------
           D:1 |       0 |      31 |   0.0 |       0 |      15 |   0.0 |   586
           D:2 |       0 |      88 |   0.0 |       0 |      25 |   0.0 |  1071
           D:3 |       0 |     119 |   0.0 |       0 |      31 |   0.0 |   815
           D:4 |       0 |     551 |   0.0 |       0 |      34 |   0.0 |  1603
           D:5 |       0 |     965 |   0.0 |       0 |      33 |   0.0 |  1240
           D:6 |       0 |     653 |   0.0 |       0 |      17 |   0.0 |  1322
           D:7 |       0 |    2054 |   0.0 |       0 |      31 |   0.0 |  1541
           D:8 |       0 |    4249 |   0.0 |       0 |      37 |   0.0 |  2318
           D:9 |       0 |    7891 |   0.0 |       0 |      49 |   0.0 |  1539
          D:10 |       0 |    3889 |   0.0 |       0 |      49 |   0.0 |  1324
          D:11 |       0 |    4153 |   0.0 |       0 |      47 |   0.0 |  1683
          D:12 |       0 |    4493 |   0.0 |       0 |      33 |   0.0 |  1220
          D:13 |       0 |    9175 |   0.0 |       0 |      51 |   0.0 |  1550
          D:14 |       0 |    6576 |   0.0 |       0 |      14 |   0.0 |   972
         Orc:1 |       0 |    3819 |   0.0 |       0 |      37 |   0.0 |   920
         Orc:2 |       0 |   20837 |   0.0 |       0 |     141 |   0.0 |  4446
       Ossuary |       0 |     513 |   0.0 |       0 |      39 |   0.0 |   530
               +---------+---------+-------+---------+---------+-------+---------
